 Dungeon Crawl Stone Soup version 0.22-a0-136-g83a10e5 (webtiles) character file.

227724 tilp the Phalangite (level 18, -4/149 HPs)
             Began as a Merfolk Ice Elementalist on Feb 2, 2018.
             Was the Champion of Makhleb.
             Slain by a balrug
             ... wielding a +2 demon whip of venom
             ... summoned by the ghostly Asterion
              (24 damage)
             ... on level 1 of the Vaults on Feb 3, 2018.
             The game lasted 03:09:13 (44223 turns).

tilp the Phalangite (Merfolk Ice Elementalist)     Turns: 44223, Time: 03:09:15

Health: -4/149     AC: 19    Str: 10    XL:     18   Next: 93%
Magic:  24/30      EV: 25    Int: 30    God:    Makhleb [******]
Gold:   1040       SH:  4    Dex: 26    Spells: 6/33 levels left

rFire    . . .     SeeInvis +   R - +4 bardiche (drain)
rCold    . . .     Gourm    .   (shield currently unavailable)
rNeg     . . .     Faith    .   o - +1 leather armour "Galoyt" {MR++ Int+3 Dex+8}
rPois    +         Spirit   .   M - +3 crown of Dyrovepreva {rElec Int+2 SInv}
rElec    +         Reflect  +   W - +0 cloak of Fallacy {Int+6 Dex-2}
rCorr    .         Harm     .   e - +3 pair of gloves of a labyrinth {rElec rPois}
MR       +++..                  F - +2 pair of boots
Stlth    ++++......             y - +4 amulet of reflection
HPRegen  0.34/turn              E - +4 ring of dexterity
MPRegen  0.22/turn              Y - +4 ring of protection

@: lethally poisoned (-4 -> -9), about to teleport, marked, drained
A: change form in water, swift swim, stealthy swim
}: 2/15 runes: decaying, gossamer
a: Minor Destruction, Lesser Servant of Makhleb, Major Destruction, Greater
Servant of Makhleb, Renounce Religion


You were on level 1 of the Vaults.
You worshipped Makhleb.
Makhleb was exalted by your worship.
You were not hungry.

You visited 7 branches of the dungeon, and saw 33 of its levels.
You also visited: Labyrinth, Sewer and Wizlab.

You collected 2328 gold pieces.
You spent 1288 gold pieces at shops.

Inventory:

Hand Weapons
 J - a +2 vampiric bardiche
 R - a +4 bardiche of draining (weapon)
Missiles
 z - 7 javelins (quivered)
Armour
 e - the +3 pair of gloves of a labyrinth (worn) {rElec rPois}
   (You acquired it on level 9 of the Dungeon)

   It insulates you from electricity.
   It protects you from poison.
 f - the +4 ring mail of Fortitude {rC++ Dex+3}
   (You found it on level 6 of the Lair of Beasts)

   It affects your dexterity (+3).
   It greatly protects you from cold.
 o - the +1 leather armour "Galoyt" (worn) {MR++ Int+3 Dex+8}
   (You found it on level 10 of the Dungeon)

   It affects your intelligence (+3).
   It affects your dexterity (+8).
   It affects your resistance to hostile enchantments.
 v - the cursed +0 ring mail of Inevitability {rN++ rCorr}
   (You found it on level 2 of the Lair of Beasts)

   It greatly protects you from negative energy.
   It protects you from acid and corrosion.
   It has a curse placed upon it.
 F - a +2 pair of boots (worn)
 M - the +3 crown of Dyrovepreva (worn) {rElec Int+2 SInv}
   (You found it on level 9 of the Dungeon)

   It affects your intelligence (+2).
   It insulates you from electricity.
   It lets you see invisible.
 W - the +0 cloak of Fallacy (worn) {Int+6 Dex-2}
   (You acquired it on level 3 of the Lair of Beasts)

   It affects your intelligence (+6).
   It affects your dexterity (-2).
Jewellery
 r - an uncursed amulet of rage {unknown}
 y - a +4 amulet of reflection (around neck)
 C - an uncursed ring of flight
 D - an uncursed ring of resist corrosion
 E - a +4 ring of dexterity (left hand)
 K - an uncursed ring of protection from fire
 U - an uncursed ring of see invisible
 Y - a +4 ring of protection (right hand)
Wands
 d - a wand of iceblast (36)
 l - a wand of polymorph (75)
 m - a wand of disintegration (25)
 n - a wand of digging (29)
 P - a wand of clouds (15)
 V - a wand of acid (8)
Scrolls
 b - a scroll of enchant armour
 h - 6 scrolls of blinking
 j - a scroll of silence
 s - 6 scrolls of fear
 t - 6 scrolls of magic mapping
 u - a scroll of enchant weapon
 A - 7 scrolls of teleportation
 G - 8 scrolls of fog
 H - a scroll of summoning
 N - 7 scrolls of amnesia
 S - 11 scrolls of remove curse
 Z - a scroll of holy word
Potions
 a - 4 potions of might
 g - 2 potions of berserk rage {unknown}
 i - a potion of heal wounds
 k - 2 potions of cancellation
 p - 8 potions of curing
 w - 8 potions of flight
 x - 5 potions of brilliance
 B - 7 potions of agility
 I - 4 potions of mutation
 L - 6 potions of ambrosia
 O - 3 potions of resistance
 Q - 2 potions of haste
 X - 2 potions of magic
Comestibles
 c - 54 rations
 q - 43 chunks of flesh


   Skills:
 + Level 15.0(14.3) Fighting
 - Level 26.0(25.0) Polearms
 - Level 14.0(13.2) Dodging
 - Level 6.0(5.4) Stealth
   Level 4.8(4.2) Shields
 - Level 8.0(7.4) Spellcasting
 - Level 4.0(3.4) Conjurations
 - Level 8.0(7.4) Charms
 - Level 4.0(3.4) Summonings
 - Level 12.1(11.4) Ice Magic
 - Level 10.0(9.3) Invocations


You had 6 spell levels left.
You knew the following spells:

 Your Spells              Type           Power        Failure   Level  Hunger
a - Freeze                Ice            ####         1%          1    None
b - Throw Frost           Conj/Ice       ######       1%          2    None
c - Ozocubu's Armour      Chrm/Ice       ######..     1%          3    None
d - Throw Icicle          Conj/Ice       ######..     2%          4    ##.....
e - Summon Butterflies    Summ           ####....     1%          1    None
f - Sticky Flame          Conj/Fire      ###.....     30%         4    ##.....
g - Regeneration          Chrm/Necr      ####......   4%          3    None
h - Spectral Weapon       Hex/Chrm       ####....     4%          3    None
i - Swiftness             Chrm/Air       ####....     1%          2    None
j - Conjure Flame         Conj/Fire      ###.....     9%          3    None
k - Animate Skeleton      Necr           N/A          6%          1    None


Dungeon Overview and Level Annotations

Branches:
Dungeon (15/15)            Temple (1/1) D:4            Lair (6/6) D:9
  Swamp (4/4) Lair:4       Spider (4/4) Lair:2        Slime (0/5) Lair:5
    Orc (2/2) D:9             Elf (0/3) Orc:2        Vaults (1/5) D:14
 Depths (0/5) D:15

Altars:
Ashenzari
Cheibriados
Dithmenos
Elyvilon
Fedhas
Gozag
Hepliaklqana
Kikubaaqudgha
Makhleb
Nemelex Xobeh
Okawaru
Qazlal
Ru
Sif Muna
Trog
Uskayaw
Vehumet
Wu Jian
Xom
Yredelemnul
Zin
The Shining One
Beogh
Jiyva

Shops:
D:8 [   D:10 [*[[[   D:13 *   Orc:2 *([=

Annotations:
D:14 8 runed doors
Swamp:1 Nikola
Spider:1 Aizul


Message History

The soul eater is healed.
The heat melts your icy armour.
A deep elf archer comes into view. It is wielding a dagger.
You feel much better.
You feel sick. The ghostly Asterion barely misses you.
The ghostly Asterion completely misses you.
The balrug barely misses you.
The vault warden activates a sealing rune.
The soul eater is engulfed in blazing flames.
Your icy armour evaporates.
You feel sick. The balrug hits you but does no damage.
The ghostly Asterion hits you but does no damage.
The ghostly Asterion gores you but does no damage.
You see here a large rock.
You feel sick. The harpy closely misses you. You block the harpy's attack.
The vault warden activates a sealing rune.
A door slams shut!
The balrug hits you with a demon whip of venom!
* * * LOW HITPOINT WARNING * * *
You are engulfed in flames!!
You die...

#.......# #...# #..#§..e#
#...# #...ee..# #...#
#...e3ep# #...# ###
#...eep.# #...## #..
#...*§§e#######.#.+#######..
#[..Wceep(........#......'..
#....eEp#)H2..#...#......#..
#..)...e#.H@......#.#....#..
#....#..######+####...####..
#.......# ##.......# #..
#.......# #..#....# ###
#.......# #.......#
######### #...##### #...#
#...# #####


You could see ghostly Asterion, a vault warden, a balrug, a deep elf
annihilator, 2 deep elf death magi, a soul eater, 2 deep elf archers, a deep elf
knight, an ironbrand convoker, a deep elf mage, a harpy and a battlesphere.

Vanquished Creatures
  Saint Roka (Vaults:1)
  3 thorn hunters
  Donald (Vaults:1)
  4 ghost moths (Spider:4)
  A vault warden (Vaults:1)
  A deep elf sorcerer (Vaults:1)
  An orc warlord (Orc:1)
  7 emperor scorpions (Spider:4)
  5 entropy weavers
  A spark wasp (Spider:4)
  A minotaur (Lab)
  A deep elf death mage (Vaults:1)
  A great orb of eyes (Vaults:1)
  Harold (D:10)
  A vault guard (D:14)
  30 hydras
  A ghost crab (Swamp:3)
  Erica (D:10)
  A catoblepas (Lair:6)
  A merfolk avatar (Lair:6)
  3 centaur warriors
  3 two-headed ogres
  2 alligators (Swamp:4)
  Urug (Lair:4)
  A queen ant (Spider:2)
  Nergalle (Lair:2)
  An orc high priest (Orc:2)
  A deep elf knight (Vaults:1)
  16 slime creatures
  5 skeletal warriors
  3 unseen horrors
  The ghost of KarmaPolice the Fighter, a novice VSAs of Hepliaklqana (D:10)
  The ghost of tilp the Spear-Bearer, a novice MfIE of Makhleb (D:7)
  A sea snake (Lair:6)
  10 swamp dragons
  37 wolf spiders
  2 necromancers
  2 shambling mangroves
  3 lindwurms (Swamp:4)
  A phantasmal warrior (D:15)
  3 harpies (Vaults:1)
  7 ugly things
  16 orb spiders
  2 orc sorcerers
  5 orc knights
  2 deep elf magi
  An oklob plant (D:13)
  A frost giant zombie (D:15)
  2 moths of wrath
  2 manticores
  12 elephants
  5 cyclopes
  Joseph (D:8)
  3 black mambas
  A stone giant skeleton (D:15)
  A vault sentinel (Vaults:1)
  2 gargoyles
  4 kobold demonologists
  6 rime drakes
  14 komodo dragons
  22 spiny frogs
  7 yaktaurs (Vaults:1)
  An efreet (D:15)
  12 demonic crawlers
  2 freezing wraiths
  A queen bee (Lair:1)
  2 tengu conjurers (D:14)
  A hydra zombie (Swamp:1)
  40 jumping spiders
  4 polar bears
  11 trolls
  12 hornets
  8 tyrant leeches
  5 blink frogs (Lair:4)
  A wind drake (Lair:6)
  A fire dragon zombie (D:15)
  An alligator zombie (Swamp:1)
  9 hippogriffs
  11 dream sheep
  A meliai zombie (D:11)
  A deep troll skeleton (D:15)
  5 bog bodies
  93 redbacks
  4 spriggans
  A shadow (D:14)
  A tarantella (shapeshifter) (Vaults:1)
  25 tarantellas
  2 wyverns
  2 wraiths (D:14)
  Grum (D:11)
  3 vampires
  3 basilisks
  27 yaks
  A warg (shapeshifter) (Vaults:1)
  2 hungry ghosts
  12 vampire mosquitoes
  4 wargs
  An acid dragon (D:15)
  13 soldier ants
  9 insubstantial wisps
  13 swamp worms
  10 water moccasins
  7 porcupines
  15 swamp drakes
  28 orc warriors
  A hydra simulacrum (Swamp:1)
  6 sky beasts
  A black bear (D:9)
  5 ice beasts
  2 hornet zombies
  10 ogres
  4 necrophages
  2 eyes of draining
  39 wolves
  9 centaurs
  4 big kobolds
  20 crocodiles
  21 bullfrogs
  A wyvern zombie (D:11)
  A scorpion (shapeshifter) (D:14)
  10 scorpions
  33 killer bees
  8 wights
  2 howler monkeys
  8 electric eels
  A vampire bat (Lair:3)
  2 crimson imps
  3 bullfrog zombies
  6 hounds
  7 centaur zombies
  3 jellies
  24 orc priests
  28 orc wizards
  8 centaur skeletons
  7 iguanas
  Terence (D:3)
  31 worker ants
  2 hound zombies
  A howler monkey zombie (D:11)
  2 worker ant zombies
  7 gnolls
  10 adders
  A howler monkey skeleton (D:7)
  3 river rats
  2 swamp drake zombies (Swamp:1)
  4 shadow imps
  5 oozes
  8 worms
  3 dart slugs
  6 leopard geckos
  81 orcs
  14 bats
  5 giant cockroaches
  A goblin (D:2)
  6 hobgoblins
  22 jackals
  6 quokkas
  3 ball pythons
  6 frilled lizards
  A giant cockroach zombie (D:5)
  A jackal skeleton (D:7)
  14 kobolds
  A leopard gecko skeleton (D:5)
  A quokka skeleton (D:8)
  4 rats
  4 briar patches (Swamp:4)
1216 creatures vanquished.

Vanquished Creatures (collateral kills)
  A wight (D:12)
1 creature vanquished.

Vanquished Creatures (others)
  A two-headed ogre (D:14)
  A crocodile (Lair:6)
  An orc (Orc:2)
  A briar patch (Swamp:3)
  11 fungi
  21 plants
  25 spectral weapons
  2 withered plants (D:15)
63 creatures vanquished.

Grand Total: 1280 creatures vanquished

Notes
Turn   | Place    | Note
-------+----------+-------------------------------------------
     0 | D:1      | tilp the Merfolk Ice Elementalist began the quest for the Orb.
     0 | D:1      | Reached XP level 1. HP: 13/13 MP: 3/3
   298 | D:1      | Reached XP level 2. HP: 19/19 MP: 5/5
   302 | D:1      | Learned a level 2 spell: Throw Frost
   793 | D:2      | Reached XP level 3. HP: 24/24 MP: 1/6
   798 | D:2      | Learned a level 3 spell: Ozocubu's Armour
  1147 | D:2      | Found a faded altar of an unknown god.
  1154 | D:2      | Reached skill level 5 in Ice Magic
  1382 | D:2      | Reached XP level 4. HP: 16/30 MP: 2/7
  2398 | D:3      | Noticed Terence
  2748 | D:3      | Reached skill level 1 in Polearms
  2748 | D:3      | Reached XP level 5. HP: 31/35 MP: 4/8
  3551 | D:4      | Reached skill level 2 in Polearms
  3682 | D:4      | Reached skill level 3 in Polearms
  3790 | D:4      | Reached skill level 4 in Polearms
  3861 | D:4      | Reached XP level 6. HP: 33/41 MP: 2/9
  3967 | D:4      | Reached skill level 5 in Polearms
  3968 | D:4      | Found a glowing drain.
  4000 | Sewer    | Entered a sewer
  4107 | Sewer    | Reached skill level 6 in Polearms
  4258 | Sewer    | Reached skill level 7 in Polearms
  4383 | Sewer    | Reached XP level 7. HP: 32/46 MP: 5/10
  4470 | Sewer    | Reached skill level 8 in Polearms
  5074 | D:4      | Found a staircase to the Ecumenical Temple.
  5187 | D:4      | Reached skill level 9 in Polearms
  5644 | D:4      | Reached skill level 10 in Polearms
  6365 | Temple   | Entered the Ecumenical Temple
  6394 | D:5      | Entered Level 5 of the Dungeon
  6422 | D:5      | Reached XP level 8. HP: 44/52 MP: 2/11
  7063 | D:5      | Reached skill level 11 in Polearms
  7671 | D:6      | Found a transporter.
  7763 | D:6      | Found a transporter.
  7787 | D:6      | Reached skill level 12 in Polearms
  7962 | D:6      | Got a shimmering spear
  7963 | D:6      | Identified the +6 spear of Viollic {drain, Str+4 Dex+3} (You found it on level 6 of the Dungeon)
  7999 | D:6      | Found a basalt altar of Yredelemnul.
  7999 | D:6      | Found an ornate altar of the Wu Jian Council.
  8000 | D:6      | Found a stormy altar of Qazlal.
  8324 | D:6      | Reached skill level 13 in Polearms
  8512 | D:7      | Reached XP level 9. HP: 34/57 MP: 5/12
  8662 | D:7      | Noticed tilp's ghost (novice MfIE)
  8847 | D:7      | Found a deep blue altar of Sif Muna.
  8954 | D:6      | Found an ancient bone altar of Kikubaaqudgha.
  8954 | D:6      | Found a shattered altar of Ashenzari.
  9219 | D:8      | Noticed a two-headed ogre
  9326 | D:8      | Reached skill level 14 in Polearms
  9341 | D:8      | Reached skill level 1 in Fighting
  9662 | D:8      | Noticed Joseph
  9994 | D:8      | Killed Joseph
  9994 | D:8      | Reached skill level 5 in Fighting
 10145 | D:8      | Found a burning altar of Makhleb.
 10153 | D:8      | Became a worshipper of Makhleb the Destroyer
 10378 | D:8      | Found Tezariobb's Antique Armour Shop.
 10384 | D:8      | Bought a buckler for 139 gold pieces
 10384 | D:8      | Bought an embroidered robe for 114 gold pieces
 10864 | D:9      | Found the +3 crown of Dyrovepreva {rElec Int+2 SInv}
 10955 | D:9      | Noticed a troll
 11048 | D:9      | Noticed a troll
 11055 | D:9      | Found a staircase to the Lair.
 11055 | D:9      | Noticed a komodo dragon
 11136 | D:9      | Noticed a troll
 11145 | D:9      | Killed a troll
 11426 | D:9      | Noticed a two-headed ogre
 11470 | D:9      | Killed a troll
 11470 | D:9      | Reached XP level 10. HP: 51/74 MP: 2/13
 11789 | D:9      | Found a staircase to the Orcish Mines.
 12204 | D:9      | Killed a two-headed ogre
 12204 | D:9      | Reached skill level 5 in Dodging
 12503 | D:9      | Reached skill level 1 in Charms
 12512 | D:9      | Reached * piety under Makhleb
 12725 | D:9      | Found a sparkling altar of Nemelex Xobeh.
 12781 | D:9      | Reached skill level 1 in Invocations
 13179 | D:10     | Entered Level 10 of the Dungeon
 13179 | D:10     | Found Gupakhex's Antique Armour Shoppe.
 13179 | D:10     | Noticed Harold
 13229 | D:10     | Killed Harold
 13229 | D:10     | Reached XP level 11. HP: 73/80 MP: 1/17
 13524 | D:10     | Found Koured's Armour Shoppe.
 13534 | D:10     | Found Zobaih's Assorted Antiques.
 13581 | D:10     | Noticed Erica
 13590 | D:10     | Killed Erica
 13699 | D:10     | Noticed KarmaPolice's ghost (novice VSAs)
 13876 | D:10     | Reached skill level 1 in Conjurations
 13920 | D:10     | Got a faintly humming leather armour
 13944 | D:10     | Found Xothucs's Antique Armour Shop.
 13965 | D:10     | Identified the +1 leather armour "Galoyt" {MR++ Int+3 Dex+8} (You found it on level 10 of the Dungeon)
 14206 | D:10     | Found Huibrop's Antique Armour Emporium.
 14424 | D:10     | Learned a level 4 spell: Throw Icicle
 14657 | Lair:1   | Entered Level 1 of the Lair of Beasts
 14707 | D:9      | Reached ** piety under Makhleb
 14718 | D:9      | Identified a scroll of acquirement
 14723 | D:9      | Got a pair of pitted gloves
 14734 | D:9      | Identified the +3 pair of gloves of a labyrinth {rElec rPois} (You acquired it on level 9 of the Dungeon)
 15212 | Lair:1   | Reached skill level 10 in Ice Magic
 15530 | Lair:1   | Reached *** piety under Makhleb
 15536 | Lair:1   | Reached XP level 12. HP: 89/89 MP: 15/18
 15823 | Lair:2   | Noticed Nergalle
 15836 | Lair:2   | Reached skill level 5 in Spellcasting
 15938 | Lair:2   | Learned a level 1 spell: Summon Butterflies
 15975 | Lair:2   | Noticed a seven-headed hydra
 16069 | Lair:2   | Got a jewelled ring mail
 16288 | Lair:2   | Reached skill level 1 in Summonings
 16742 | Lair:2   | Found a hole to the Spider Nest.
 17075 | Lair:3   | Noticed a five-headed hydra
 17212 | Lair:3   | Reached skill level 10 in Dodging
 17229 | Lair:3   | Reached **** piety under Makhleb
 17299 | Lair:3   | Noticed a spriggan rider
 17315 | Lair:3   | Killed a five-headed hydra
 17682 | Lair:3   | Noticed an eight-headed hydra
 17705 | Lair:3   | Killed an eight-headed hydra
 17705 | Lair:3   | Reached XP level 13. HP: 94/94 MP: 16/22
 17993 | Lair:3   | Got a scorched cloak
 18004 | Lair:3   | Identified the +0 cloak of Fallacy {Int+6 Dex-2} (You acquired it on level 3 of the Lair of Beasts)
 18052 | Lair:3   | Learned a level 4 spell: Summon Ice Beast
 18307 | Lair:4   | Noticed Urug
 18341 | Lair:4   | Killed Urug
 18439 | Lair:4   | Reached skill level 5 in Invocations
 18762 | Lair:4   | Reached ***** piety under Makhleb
 18808 | Lair:4   | Identified the cursed +0 ring mail of Inevitability {rN++ rCorr} (You found it on level 2 of the Lair of Beasts)
 18934 | Lair:4   | Found a staircase to the Swamp.
 20099 | Lair:5   | Found a viscous altar of Jiyva.
 20099 | Lair:5   | Found a staircase to the Slime Pits.
 20575 | D:10     | Bought a pair of boots for 117 gold pieces
 20641 | Orc:1    | Entered Level 1 of the Orcish Mines
 20988 | Orc:1    | Found a roughly hewn altar of Beogh.
 21488 | D:3      | Killed Terence
 21685 | D:7      | Killed tilp's ghost
 21749 | Orc:2    | Entered Level 2 of the Orcish Mines
 21749 | Orc:2    | Found a staircase to the Elven Halls.
 21862 | Orc:2    | Found a roughly hewn altar of Beogh.
 22314 | Orc:2    | Reached skill level 10 in Fighting
 22551 | Orc:1    | Reached skill level 5 in Stealth
 22689 | Orc:2    | Noticed an orc warlord
 23498 | Orc:2    | Reached ****** piety under Makhleb
 23548 | Orc:2    | HP: 4/103 [orc warrior/short sword (14)]
 23713 | Orc:2    | Reached XP level 14. HP: 103/110 MP: 20/23
 23830 | Orc:1    | Killed an orc warlord
 23882 | Orc:2    | Found a roughly hewn altar of Beogh.
 23888 | Orc:2    | Found Xaolues's General Store.
 23894 | Orc:2    | Found Zuociv's Antique Weapon Shop.
 23901 | Orc:2    | Found Ceal's Jewellery Shop.
 23989 | Orc:2    | Found Kiffiadgh's Antique Armour Shop.
 24447 | D:10     | Killed KarmaPolice's ghost
 24483 | D:10     | Bought a silken robe for 153 gold pieces
 24513 | D:10     | Bought a translucent cloak for 247 gold pieces
 24554 | D:10     | Bought a scroll of identify for 64 gold pieces
 24554 | D:10     | Bought a scroll of identify for 64 gold pieces
 24554 | D:10     | Identified the +1 cloak "Notao" {Str+6} (You bought it in a shop on level 10 of the Dungeon)
 24555 | D:10     | Identified the cursed +0 robe of Wina Kol {Stlth+} (You bought it in a shop on level 10 of the Dungeon)
 24719 | D:11     | Learned a level 3 spell: Regeneration
 24723 | D:11     | Learned a level 3 spell: Spectral Weapon
 25044 | D:11     | Learned a level 2 spell: Swiftness
 25137 | D:11     | Noticed Grum
 25146 | D:11     | Killed Grum
 26483 | D:13     | Found a sacrificial altar of Ru.
 27113 | D:13     | Found Nenoox's Assorted Antiques.
 27132 | D:13     | Bought a puce potion for 27 gold pieces
 27850 | D:14     | Found a gate to the Vaults.
 28032 | D:14     | Reached skill level 10 in Invocations
 28223 | D:14     | Found a large runed door.
 28246 | D:14     | Found a large runed door.
 28247 | D:14     | Noticed a frost giant
 28436 | D:14     | Found a large runed door.
 28544 | D:14     | Found a large runed door.
 28549 | D:14     | Found a large runed door.
 28607 | D:14     | Found a large runed door.
 28610 | D:14     | Found a large runed door.
 28612 | D:14     | Found a large runed door.
 28672 | D:14     | Reached XP level 15. HP: 103/120 MP: 9/24
 28897 | D:14     | Found a white marble altar of Elyvilon.
 28938 | D:15     | Entered Level 15 of the Dungeon
 28986 | D:15     | Found a staircase to the Depths.
 29223 | D:15     | Reached skill level 15 in Polearms
 29315 | D:15     | Found a labyrinth entrance.
 29336 | Lab      | Entered a labyrinth
 29968 | Lab      | Found an exit through the horrors of the Abyss.
 30584 | D:15     | Reached skill level 16 in Polearms
 30595 | D:15     | Found an iron altar of Okawaru.
 31323 | Lair:6   | Entered Level 6 of the Lair of Beasts
 31762 | Lair:5   | Reached skill level 17 in Polearms
 32292 | Lair:6   | Reached skill level 18 in Polearms
 32353 | Lair:6   | Got a bloodstained ring mail
 32854 | Lair:6   | Reached skill level 19 in Polearms
 33272 | Lair:6   | Learned a level 3 spell: Conjure Flame
 33283 | Lair:6   | Learned a level 4 spell: Sticky Flame
 33295 | Lair:6   | Identified the +4 ring mail of Fortitude {rC++ Dex+3} (You found it on level 6 of the Lair of Beasts)
 33306 | Lair:6   | Got a crude scale mail
 33317 | Lair:6   | Identified the +1 scale mail "Muwaisch" {rCorr} (You found it on level 6 of the Lair of Beasts)
 33520 | Swamp:1  | Entered Level 1 of the Swamp
 33548 | Swamp:1  | Noticed Nikola
 33692 | Swamp:1  | Reached XP level 16. HP: 127/127 MP: 20/25
 33853 | Swamp:1  | Got a smoking cloak
 34158 | Swamp:2  | Found a radiant altar of Vehumet.
 34362 | Swamp:2  | Reached skill level 20 in Polearms
 35215 | Swamp:3  | Noticed a thorn hunter
 35231 | Swamp:3  | Killed a thorn hunter
 35307 | Swamp:3  | Learned a level 1 spell: Animate Skeleton
 35319 | Swamp:3  | Reached skill level 21 in Polearms
 35788 | Swamp:4  | Entered Level 4 of the Swamp
 36072 | Spider:1 | Entered Level 1 of the Spider Nest
 36463 | Spider:1 | Noticed Aizul
 36695 | Spider:1 | Got a bloodstained ring mail
 36706 | Spider:1 | Identified the +5 ring mail "Xon Kuerch" {rC+} (You found it on level 1 of the Spider Nest)
 36716 | Spider:1 | Identified the -1 cloak "Asinadd" {rF- Regen+ Int+5 Dex+3} (You found it on level 1 of the Swamp)
 36763 | Spider:1 | Reached skill level 22 in Polearms
 37716 | Spider:2 | Reached skill level 23 in Polearms
 38010 | Spider:2 | Reached XP level 17. HP: 133/133 MP: 17/26
 38694 | Spider:3 | Reached skill level 24 in Polearms
 39617 | Spider:4 | Entered Level 4 of the Spider Nest
 39832 | Spider:4 | Reached skill level 25 in Polearms
 41064 | Spider:4 | Reached skill level 26 in Polearms
 41350 | Spider:4 | Reached XP level 18. HP: 140/140 MP: 23/29
 41581 | Spider:4 | Reached skill level 5 in Charms
 41590 | Spider:4 | Got a gossamer rune of Zot
 42568 | Swamp:4  | Got a decaying rune of Zot
 43157 | Lair:2   | Killed Nergalle
 43392 | Orc:2    | Bought a scroll of remove curse for 42 gold pieces
 43392 | Orc:2    | Bought a scroll of teleportation for 42 gold pieces
 43525 | D:13     | Bought a potion of curing for 93 gold pieces
 43525 | D:13     | Bought a scroll of remove curse for 93 gold pieces
 43525 | D:13     | Bought a scroll of remove curse for 93 gold pieces
 43620 | Vaults:1 | Entered Level 1 of the Vaults
 43620 | Vaults:1 | Noticed Donald
 43632 | Vaults:1 | Killed Donald
 43719 | Vaults:1 | Found a magical portal.
 43725 | WizLab   | Entered The Hall of the Hellbinder
 44032 | Vaults:1 | Noticed Saint Roka
 44087 | Vaults:1 | Killed Saint Roka
 44192 | Vaults:1 | Noticed Asterion
 44198 | Vaults:1 | Reached skill level 15 in Fighting
 44214 | Vaults:1 | Killed Asterion
 44223 | Vaults:1 | Slain by a balrug

Vault maps used:
D:1:      evilmike_arrival_plus
D:2:      chequers_ecumenical_altar_simple_redux
D:3:      minmay_misc_feat_doors, uniq_terence
D:4:      minmay_temple_entry_statues_pillars, gup_sewer_entry_bubbles,
          serial_bayou_pond_b
D:5:      first_ration
D:6:      gammafunk_steamed_eel, nicolae_overflow_hidden_temple
D:7:      overflow_temple_1_default
D:8:      lemuel_coloured_pillars_altar, serial_shops, nicolae_shop_stone,
          uniq_joseph
D:9:      david_lair_shrubbed, hangedman_pestilent_swarm,
          nemelex_diamond_rough_becter, uniq_grum
D:10:     serial_co_window_serial, co_window_of_opportunity_a,
          co_window_corner_a, co_window_paths_b, co_window_corner_a,
          co_window_paths_a, co_window_paths_b, co_window_of_opportunity_b,
          co_window_paths_c, co_window_2corner, glass_columns_a,
          glass_columns_c, serial_shops, shop_fountains, shop, shop, shop, shop,
          uniq_erica, uniq_harold
D:11:     serial_undead, serial_undead_c, serial_undead_d, serial_undead_f,
          serial_undead_b
D:13:     serial_shops, shop, corexii_leaking_fountain, lemuel_oklob_altar
D:14:     minmay_five_octagons, david_vaults_5, lemuel_crystal_altar
D:15:     gammafunk_depths_entry_grave, basic_altar, corexii_hall_statues_i,
          lab_entry_generic
Temple:   minmay_freezing_vapour_temple
Lair:1:   special_room, grunt_forest_stairs_basic, serial_bayou_shore_a
Lair:2:   spider_nest_entry_funnel_web, grunt_megastairs_1, uniq_nergalle
Lair:3:   st_stairs_8, minivault_27, roderic_batcave, columned_hall_lemuel,
          grunt_forest_large_clearings
Lair:4:   minmay_swamp_entry_swarm, serial_bayou_lagoon_a, uniq_urug
Lair:5:   slime_altar_1
Lair:6:   gammafunk_lair_ancient_temple, infiniplex_staircase_pool
Swamp:1:  evilmike_swamp_ruin_house_3, swamp_pool2,
          nicolae_swamp_necromancer_hut, uniq_nikola
Swamp:2:  basic_altar
Swamp:3:  hangedman_swamp_blocks
Swamp:4:  swamp_alternative, swamp_pool2
Spider:1: uniq_aizul
Spider:2: minmay_another_anthill
Spider:4: grunt_spider_rune_circles, spider_trap
Orc:1:    mines1_david
Orc:2:    grunt_orc_cross, nicolae_orc_pool_cavern, mines2_david
Vaults:1: vaults_mumra_lcd, hangedman_vaults_unwind, hangedman_vaults_nails,
          grunt_vaults_funnel, nicolae_vaults_octagons,
          hangedman_vaults_variations, v_misc_16,
          nicolae_vaults_windows_and_doors_thing, vaults_room_door_hall,
          nicolae_vaults_specimen_jars, vaults_room_pools, vaults_dpeg_diagonal,
          vaults_room_semicircle, mu_enter_wizlab_6, uniq_saint_roka,
          uniq_asterion, uniq_donald
Lab:      labyrinth_mini_lab, labyrinth_fake_exit, labyrinth_glass_1
Sewer:    sewer_co_15_rooms
WizLab:   wizlab_demon

Skill      XL: |  1  2  3  4  5  6  7  8  9 10 11 12 13 14 15 16 17 18 |
---------------+-------------------------------------------------------+-----
Ice Magic      | 4 5 6 7 10 12 | 12.1
Polearms       | 1 4 7 10 13 14 19 23 26 | 26.0
Fighting       | 5 6 10 11 12 15 | 15.0
Stealth        | 4 6 |  6.0
Shields        | 4 |  4.8
Spellcasting   | 4 6 7 8 |  8.0
Dodging        | 6 7 10 11 14 | 14.0
Charms         | 4 8 |  8.0
Invocations    | 4 8 10 | 10.0
Conjurations   | 4 |  4.0
Summonings     | 4 |  4.0

Action                   |  1- 3 |  4- 6 |  7- 9 | 10-12 | 13-15 | 16-18 || total
-------------------------+-------+-------+-------+-------+-------+-------++-------
Melee: Hand axe          |    66 |   173 |   156 |       |       |       ||   395
       Tailslap          |       |     6 |     2 |     1 |       |    10 ||    19
       Spear             |       |       |   144 |  1006 |  2880 |  1128 ||  5158
       Bardiche          |       |       |       |       |       |   974 ||   974
Throw: Tomahawk          |       |     8 |     6 |     5 |       |       ||    19
       Javelin           |       |       |       |       |     5 |     5 ||    10
 Cast: Freeze            |     7 |    40 |    93 |    35 |     9 |     3 ||   187
       Throw Frost       |     2 |    10 |    31 |    36 |     7 |       ||    86
       Ozocubu's Armour  |     1 |    12 |    22 |    37 |    59 |    43 ||   174
       Throw Icicle      |       |       |       |       |    17 |    22 ||    39
       Summon Ice Beast  |       |       |       |       |     3 |       ||     3
       Spectral Weapon   |       |       |       |       |    20 |    48 ||    68
       Regeneration      |       |       |       |       |     6 |    28 ||    34
       Sticky Flame      |       |       |       |       |       |     1 ||     1
       Conjure Flame     |       |       |       |       |       |     2 ||     2
Invok: Lesser Servant of |       |       |       |       |     1 |     1 ||     2
Evoke: Wand              |       |       |     1 |       |       |       ||     1
       Fan of gales      |       |       |       |       |     1 |       ||     1
  Use: Scroll            |       |     8 |    17 |    12 |    14 |    10 ||    61
       Potion            |       |       |       |     1 |     6 |     3 ||    10
 Stab: Sleeping          |     4 |     3 |     3 |    10 |    27 |    30 ||    77
       Distracted        |       |       |       |       |     6 |    22 ||    28
       Confused          |       |       |       |       |     2 |     1 ||     3
       Held in net/web   |       |       |       |       |       |     8 ||     8
  Eat: Chunk             |     2 |    13 |    26 |    19 |    40 |    20 ||   120
       Ration            |       |       |     1 |     1 |     5 |     5 ||    12
Armor: Robe              |     4 |       |     9 |    17 |       |       ||    30
       Leather armour    |    10 |    78 |    90 |    89 |   350 |   609 ||  1226
       Skin              |       |       |       |    34 |     2 |       ||    36
Dodge: Dodged            |    59 |   137 |   204 |   398 |  1481 |  2306 ||  4585
Block: Buckler           |       |       |       |   250 |  1050 |   584 ||  1884
       Reflection        |       |       |       |       |    18 |     4 ||    22
       Other             |       |       |       |       |       |   196 ||   196

Table legend:
 A = Spawn XP
 B = Non-spawn XP
 C = Spawn XP percentage of total XP
 D = Spawn monster count
 E = Non-spawn monster count
 F = Spawn count percentage of total count
 G = Total turns spent on level
                    A         B        C        D         E        F      G
               +---------+---------+-------+---------+---------+-------+---------
         Total |       0 |  311812 |   0.0 |       0 |    1214 |   0.0 | 44223
               +---------+---------+-------+---------+---------+-------+---------
           D:1 |       0 |      28 |   0.0 |       0 |       8 |   0.0 |   727
           D:2 |       0 |     120 |   0.0 |       0 |      29 |   0.0 |  1534
           D:3 |       0 |      67 |   0.0 |       0 |      15 |   0.0 |  1415
           D:4 |       0 |     572 |   0.0 |       0 |      36 |   0.0 |  2297
           D:5 |       0 |     308 |   0.0 |       0 |      22 |   0.0 |  1251
           D:6 |       0 |     720 |   0.0 |       0 |      17 |   0.0 |   717
           D:7 |       0 |    1129 |   0.0 |       0 |      17 |   0.0 |  1442
           D:8 |       0 |    1189 |   0.0 |       0 |      21 |   0.0 |  1292
           D:9 |       0 |    6500 |   0.0 |       0 |      45 |   0.0 |  2731
          D:10 |       0 |    6459 |   0.0 |       0 |      32 |   0.0 |  1870
          D:11 |       0 |    2445 |   0.0 |       0 |      28 |   0.0 |   955
          D:12 |       0 |    3898 |   0.0 |       0 |      26 |   0.0 |   735
          D:13 |       0 |    3806 |   0.0 |       0 |      23 |   0.0 |  1352
          D:14 |       0 |   18181 |   0.0 |       0 |      55 |   0.0 |  1447
          D:15 |       0 |   14200 |   0.0 |       0 |      35 |   0.0 |  1186
        Lair:1 |       0 |    5487 |   0.0 |       0 |      47 |   0.0 |  1117
        Lair:2 |       0 |    7291 |   0.0 |       0 |      25 |   0.0 |  1343
        Lair:3 |       0 |    8244 |   0.0 |       0 |      54 |   0.0 |  1297
        Lair:4 |       0 |    6859 |   0.0 |       0 |      28 |   0.0 |  1396
        Lair:5 |       0 |    9813 |   0.0 |       0 |      29 |   0.0 |  1717
        Lair:6 |       0 |   18337 |   0.0 |       0 |      50 |   0.0 |  1613
       Swamp:1 |       0 |    5668 |   0.0 |       0 |      21 |   0.0 |   697
       Swamp:2 |       0 |    6318 |   0.0 |       0 |      16 |   0.0 |   880
       Swamp:3 |       0 |   14659 |   0.0 |       0 |      39 |   0.0 |  1051
       Swamp:4 |       0 |   30420 |   0.0 |       0 |      52 |   0.0 |   975
      Spider:1 |       0 |   14701 |   0.0 |       0 |      48 |   0.0 |  1193
      Spider:2 |       0 |   25227 |   0.0 |       0 |      93 |   0.0 |  1381
      Spider:3 |       0 |   16995 |   0.0 |       0 |      52 |   0.0 |  1029
      Spider:4 |       0 |   43976 |   0.0 |       0 |      79 |   0.0 |  2134
         Orc:1 |       0 |    4228 |   0.0 |       0 |      42 |   0.0 |  1125
         Orc:2 |       0 |    6821 |   0.0 |       0 |      62 |   0.0 |  2126
      Vaults:1 |       0 |   25663 |   0.0 |       0 |      46 |   0.0 |   595
           Lab |       0 |    1091 |   0.0 |       0 |       1 |   0.0 |   941
         Sewer |       0 |     392 |   0.0 |       0 |      21 |   0.0 |   650
               +---------+---------+-------+---------+---------+-------+---------
